Map: Tropic Shores

Players

DrStorM

  • Race: Terran Terran
  • Spawn Location: 6:00

Smalltime

  • Race: Protoss Protoss
  • Spawn Location: 5:00

JaySlays

  • Race: Protoss Protoss
  • Spawn Location: 5:00

Wolf

  • Race: Protoss Protoss
  • League: Diamond
  • Spawn Location: 6:00

Spaceboy

  • Race: Zerg Zerg
  • Spawn Location: 11:00

Zekeee

  • Race: Zerg Zerg
  • Spawn Location: 0:00

domize

  • Race: Zerg Zerg
  • League: Platinum
  • Spawn Location: 12:00

Sensuna

  • Race: Protoss Protoss
  • Spawn Location: 12:00

VOD

Have the link to the VOD?

Description

Time

  • Played on: April 20, 2018, 11:40 p.m.
  • Length: 13:08
Show
View Real Time Build Order
Export as new Build Order

DrStorM Terran 

Build Orders:  

Get SALT Encoding   

  12  0:01  SCV  
  13  0:13  SCV  
  14  0:25  SCV  
  15  0:43  Supply Depot  
  15  1:05  SCV  
  15  1:08  Barracks  
  16  1:14  Barracks  
  16  1:18  Barracks  
  16  1:20  SCV  
  17  1:30  Barracks  
  17  1:33  SCV  
  18  1:40  Supply Depot  
  18  1:45  SCV  
  19  1:53  Refinery  
  19  1:57  SCV  
  20  2:05  Marine  
  20  2:06  Marine  
  20  2:07  Marine  
  23  2:14  Supply Depot  
  23  2:15  SCV  
  24  2:24  Engineering Bay  
  24  2:27  Marine  
  25  2:30  Marine  
  26  2:40  Orbital Command  
  26  2:43  Marine  
  27  2:47  Marine  
  28  2:56  Supply Depot  
  28  3:01  Marine  
  28  3:02  Marine  
  28  3:03  Marine  
  31  3:08  SCV  
  32  3:13  Terran Infantry Weapons Level 1  
  32  3:18  Supply Depot  
  32  3:21  Marine  
  32  3:23  Marine  
  32  3:27  Marine  
  35  3:39  Marine x2  
  35  3:41  Marine  
  38  3:44  Marine  
  38  3:45  Missile Turret  
  38  3:47  SCV  
  40  3:52  Supply Depot  
  40  3:56  Marine  
  40  3:57  Marine  
  40  3:58  Marine  
  40  4:02  Marine  
  44  4:14  Marine  
  45  4:19  Marine x2  
  45  4:20  Marine  
  48  4:32  Marine  
  48  4:37  Marine x2  
  48  4:38  Marine  
  52  4:50  Marine  
  53  4:55  Marine x2  
  53  4:56  Marine  
  55  5:08  Marine  
  55  5:13  Marine x3  
  52  5:25  Marine  
  45  5:30  Marine  
  45  5:31  Marine x2  
  35  5:43  Marine  
  35  5:48  Marine x2  
  35  5:49  Marine, Refinery  
  39  5:51  Supply Depot  
  39  5:54  Factory  
  39  5:58  Factory  
  39  6:01  Marine  
  40  6:06  Marine  
  40  6:07  Marine  
  43  6:15  Barracks Reactor  
  38  6:22  Command Center  
  38  6:25  Marine x2, Barracks Tech Lab  
  38  6:32  Terran Infantry Armor Level 1  
  40  6:38  SCV  
  41  6:42  Factory Tech Lab  
  41  6:43  Marine x2, Factory Tech Lab  
  43  6:50  SCV  
  44  6:56  Marine x3  
  44  6:58  Missile Turret, Combat Shields  
  47  7:02  Barracks Tech Lab  
  47  7:05  Siege Tank  
  50  7:10  SCV  
  35  7:59  Siege Tank x2  
  35  8:01  Marine x2  
  42  8:26  SCV  
  43  8:37  Marine x5  
  43  8:38  SCV  
  49  8:47  Orbital Command  
  49  8:50  SCV  
  49  8:51  Refinery  
  49  8:53  Refinery  
  49  8:54  Marine  
  49  8:55  Marine  
  52  9:03  SCV  
  53  9:14  Widow Mine x2  
  53  9:15  SCV  
  58  9:27  SCV  
  59  9:34  Missile Turret  
  59  9:35  SCV, Widow Mine x2  
  59  9:36  Missile Turret  
  64  9:39  SCV  
  65  9:47  SCV  
  65  9:51  SCV  
  67  9:59  SCV  
  68  10:03  SCV  
  69  10:12  SCV  
  69  10:13  Marine x5  
  75  10:15  SCV  
  75  10:17  Stimpack  
  76  10:24  SCV  
  76  10:27  SCV  
  57  10:31  Marine x5  
  62  10:36  SCV  
  62  10:39  SCV  
  64  10:48  SCV  
  44  10:59  Siege Tank x2  
  44  11:00  SCV  
  44  11:02  Reaper  
  44  11:03  Marine x3  
  54  11:12  SCV  
  55  11:24  SCV  
  56  11:29  Command Center  
  56  11:31  Siege Tank, Missile Turret  
  59  11:36  SCV  
  61  11:48  SCV  
  60  12:00  SCV  
  43  12:03  Siege Tank  
  40  12:14  Marine  
  40  12:15  Marine x4  
  45  12:30  Command Center, SCV  
  45  12:32  Marine  
  47  12:49  Ghost Academy  
  47  12:53  Supply Depot  
  47  12:59  Supply Depot  
  47  13:03  Supply Depot  
  47  13:06  Supply Depot, Factory Tech Lab  
Show
View Real Time Build Order
Export as new Build Order

Smalltime Protoss 

Build Orders: Oracle Opening 

Get SALT Encoding   

  12  0:02  Probe  
  13  0:15  Probe  
  14  0:22  Pylon  
  14  0:27  Probe  
  15  0:36  Probe  
  16  0:44  Probe  
  17  0:51  Gateway  
  17  0:54  Probe  
  18  1:03  Probe  
  18  1:04  Assimilator  
  19  1:11  Probe  
  19  1:16  Pylon  
  20  1:20  Probe  
  21  1:30  Assimilator  
  21  1:38  Cybernetics Core  
  21  1:42  Probe  
  22  1:47  Pylon  
  23  1:54  Probe  
  23  2:06  Probe  
  24  2:18  Probe  
  24  2:20  Stargate  
  25  2:34  Probe  
  25  2:35  Nexus  
  26  2:41  Stargate  
  26  2:46  Probe  
  27  2:57  Oracle  
  27  2:58  Zealot  
  32  3:15  Forge  
  32  3:25  Oracle  
  32  3:32  Pylon  
  35  3:49  Pylon  
  35  3:56  Photon Cannon  
  35  3:57  Photon Cannon  
  35  4:13  Photon Cannon  
  35  4:16  Photon Cannon  
  25  4:54  Robotics Facility  
  25  4:55  Probe, Zealot  
  28  5:03  Probe  
  28  5:06  Probe  
  28  5:13  Probe  
  30  5:14  Probe  
  30  5:24  Probe  
  31  5:36  Probe  
  31  5:39  Warp Gate  
  31  5:42  Pylon  
  31  5:44  Probe  
  31  5:49  Robotics Bay  
  32  5:54  Probe x2, Gateway  
  32  5:56  Pylon  
  34  6:06  Probe x2  
  34  6:07  Observer  
  36  6:16  Protoss Ground Weapons Level 1  
  37  6:19  Probe  
  37  6:20  Pylon  
  37  6:24  Pylon  
  38  6:27  Probe  
  38  6:28  Probe  
  40  6:37  Probe  
  38  6:51  Extended Thermal Lance  
  38  6:53  Colossus  
  38  6:57  Robotics Facility  
  44  7:02  Probe  
  44  7:04  Assimilator  
  45  7:08  Assimilator  
  39  7:47  Colossus  
  45  7:57  Photon Cannon  
  45  8:15  Nexus  
  45  8:40  Colossus  
  51  8:53  Stalker x2  
  55  8:57  Observer  
  55  8:59  Probe  
  55  9:07  Probe  
  56  9:10  Pylon  
  57  9:17  Probe  
  58  9:29  Probe  
  59  9:32  Colossus  
  65  9:59  Probe  
  66  10:07  Probe  
  66  10:09  Pylon  
  67  10:17  Probe  
  67  10:18  Nexus  
  68  10:29  Photon Cannon  
  68  10:30  Photon Cannon  
  68  10:32  Pylon  
  68  10:34  Probe, Assimilator  
  68  10:38  Assimilator  
  68  10:41  Probe  
  68  10:42  Probe  
  71  10:52  Probe  
  71  10:53  Probe  
  71  10:54  Observer  
  74  10:57  Protoss Shields Level 1  
  74  10:59  Twilight Council  
  69  11:30  Probe  
  54  11:38  Probe  
  33  11:48  Probe  
  14  12:00  Probe  
  9  12:05  Probe  
  9  12:07  Observer  
  10  12:13  Probe  
  12  12:23  Probe  
  13  12:36  Probe  
Show
View Real Time Build Order
Export as new Build Order

JaySlays Protoss 

Build Orders: Phoenix Opening 

Get SALT Encoding   

  12  0:01  Probe  
  14  0:14  Probe  
  14  0:23  Pylon  
  14  0:26  Probe  
  15  0:41  Probe  
  16  0:48  Gateway  
  16  0:51  Probe  
  17  0:59  Probe  
  17  1:01  Assimilator  
  18  1:04  Assimilator  
  18  1:11  Probe  
  19  1:20  Probe  
  20  1:28  Probe  
  21  1:37  Probe  
  21  1:40  Cybernetics Core  
  22  1:49  Probe  
  23  1:54  Pylon  
  23  2:03  Warp Gate  
  23  2:12  Probe  
  24  2:15  Nexus  
  24  2:34  Probe  
  25  2:40  Stargate  
  25  2:45  Adept  
  25  2:46  Probe  
  28  2:58  Probe  
  29  3:09  Pylon  
  29  3:10  Probe  
  30  3:23  Probe  
  30  3:26  Phoenix  
  33  3:29  Probe, Stargate  
  34  3:35  Probe  
  34  3:37  Probe  
  36  3:47  Probe  
  36  3:48  Pylon  
  36  3:49  Probe  
  36  3:51  Assimilator  
  36  3:55  Phoenix  
  40  3:59  Probe  
  40  4:01  Probe  
  42  4:11  Oracle  
  42  4:15  Shield Battery  
  42  4:22  Oracle  
  48  4:45  Pylon  
  48  4:49  Oracle  
  48  4:51  Pylon  
  48  4:52  Pylon  
  51  5:12  Oracle  
  54  5:15  Oracle  
  55  5:49  Phoenix  
  57  6:24  Gateway  
  57  6:26  Gateway  
  57  6:28  Twilight Council  
  57  6:31  Phoenix  
  59  6:45  Phoenix  
  61  6:58  Probe x2  
  63  7:02  Assimilator  
  63  7:10  Probe x2  
  65  7:22  Probe  
  66  7:24  Phoenix  
  66  7:25  Phoenix  
  66  7:31  Templar Archives  
  68  8:11  Probe x2  
  70  8:12  Robotics Facility  
  70  8:22  Phoenix  
  70  8:23  Probe x2, Phoenix  
  76  8:34  Gateway  
  76  8:35  Gateway  
  76  8:39  Phoenix  
  78  8:59  Pylon  
  78  9:01  Pylon  
  78  9:04  Pylon  
  78  9:11  Phoenix  
  78  9:13  Phoenix  
  55  9:28  Phoenix  
  52  9:37  Observer  
  52  9:38  Phoenix  
  57  9:49  High Templar  
  59  9:52  Phoenix, Nexus  
  59  9:53  Probe  
  62  10:05  Probe  
  63  10:17  Probe  
  64  10:29  Probe  
  65  10:35  Phoenix  
  65  10:41  Probe  
  66  10:43  Phoenix  
  49  11:45  Zealot x2  
  49  11:46  Zealot x3  
  57  11:55  Pylon  
  57  11:56  Pylon  
  57  11:58  Pylon  
  53  12:12  Phoenix  
  53  12:13  Phoenix  
  57  12:31  Zealot  
  57  12:32  Zealot x4  
Show
View Real Time Build Order
Export as new Build Order

Wolf Protoss 

Build Orders:  

Get SALT Encoding   

  12  0:02  Probe  
  13  0:14  Probe  
  13  0:21  Pylon  
  14  0:26  Probe  
  15  0:40  Probe, Gateway  
  16  0:52  Gateway  
  16  0:55  Probe  
  17  1:02  Assimilator  
  17  1:03  Probe  
  18  1:11  Probe, Assimilator  
  20  1:25  Probe  
  20  1:36  Pylon  
  20  1:37  Probe  
  21  1:58  Nexus  
  21  2:08  Cybernetics Core  
  21  2:18  Probe  
  22  2:30  Probe  
  22  2:34  Warp Gate  
  23  2:38  Forge  
  23  2:43  Probe  
  24  2:47  Stalker x2  
  28  2:52  Probe  
  29  3:00  Probe  
  30  3:06  Stargate  
  30  3:07  Probe  
  30  3:08  Probe  
  32  3:15  Probe  
  32  3:16  Probe  
  33  3:25  Probe, Protoss Ground Weapons Level 1  
  34  3:27  Probe  
  36  3:37  Probe  
  36  3:39  Probe  
  38  3:47  Twilight Council  
  38  3:49  Probe  
  38  3:51  Probe  
  38  3:52  Assimilator  
  40  3:56  Assimilator  
  40  4:01  Probe  
  41  4:03  Probe  
  41  4:05  Oracle  
  42  4:10  Pylon  
  45  4:22  Probe  
  45  4:27  Pylon  
  46  4:42  Oracle  
  46  4:44  Photon Cannon  
  30  5:19  Oracle, Charge  
  33  5:28  Probe x2  
  34  5:40  Probe x2  
  36  5:53  Probe  
  36  5:54  Probe  
  36  5:55  Gateway  
  36  5:56  Oracle  
  41  5:58  Gateway  
  41  6:05  Probe, Protoss Ground Armor Level 1  
  41  6:06  Probe  
  43  6:14  Probe, Gateway  
  43  6:15  Probe  
  45  6:22  Probe  
  45  6:23  Probe  
  45  6:30  Pylon  
  45  6:32  Probe x2  
  49  6:51  Probe x2  
  51  7:03  Probe x2  
  51  7:05  Templar Archives  
  53  7:10  Pylon  
  53  7:13  Pylon  
  53  7:47  Probe x2  
  55  7:58  Protoss Ground Weapons Level 2  
  55  7:59  Probe x2, Oracle  
  55  8:02  Zealot x2  
  55  8:03  Zealot x3  
  70  8:13  Nexus  
  70  8:15  Pylon  
  70  8:16  Pylon  
  70  8:18  Pylon  
  66  8:23  Zealot  
  66  8:24  Zealot x4  
  66  8:26  Oracle  
  79  8:46  Psionic Storm  
  79  8:51  Probe x2  
  81  9:03  Probe  
  81  9:04  Probe  
  81  9:05  Assimilator  
  81  9:09  Assimilator  
  83  9:14  Zealot x2  
  83  9:15  Probe, Zealot x3  
  83  9:17  Probe  
  95  9:36  Zealot  
  95  9:37  Zealot x4  
  105  10:00  Protoss Ground Armor Level 2  
  105  10:04  Probe x3  
  108  10:08  Zealot x5  
  109  10:16  Probe x2  
  111  10:31  Zealot  
  111  10:32  Zealot x4  
  121  10:37  Pylon  
  121  10:45  Probe x3, Gateway  
  121  10:47  Gateway  
  121  10:49  Gateway  
  124  10:57  Probe x2  
  121  11:14  Zealot x4  
  121  11:15  Zealot  
  124  11:39  Zealot  
  126  11:40  Zealot x3  
  132  12:37  Pylon  
  132  12:38  Pylon  
  132  12:39  Pylon x3  
  132  12:40  Pylon  
  132  12:41  Pylon  
  132  12:42  Pylon  
Show
View Real Time Build Order
Export as new Build Order

Spaceboy Zerg 

Build Orders: Hatch First, Swarm Host 

Get SALT Encoding   

  12  0:01  Drone  
  13  0:20  Drone  
  13  0:21  Overlord  
  14  0:40  Drone x2  
  14  0:41  Drone  
  17  1:04  Hatchery  
  17  1:10  Spawning Pool  
  15  1:12  Drone  
  15  1:17  Drone  
  17  1:21  Drone  
  18  1:27  Drone, Extractor  
  18  1:33  Extractor  
  18  1:35  Drone  
  18  1:46  Drone  
  19  1:56  Queen  
  19  1:57  Drone  
  22  2:09  Overlord  
  22  2:17  Drone, Queen  
  22  2:19  Drone  
  26  2:28  Drone  
  27  2:30  Drone  
  28  2:38  Lair  
  28  2:41  Drone  
  29  2:44  Drone  
  29  2:48  Drone  
  31  2:51  Drone  
  32  3:00  Drone  
  32  3:01  Overlord  
  33  3:05  Drone  
  33  3:06  Drone  
  33  3:08  Drone  
  36  3:19  Drone  
  37  3:20  Drone  
  37  3:25  Drone x3  
  37  3:26  Drone  
  42  3:29  Drone  
  43  3:37  Infestation Pit  
  43  3:38  Overlord  
  43  3:41  Drone, Extractor  
  43  3:42  Drone  
  43  3:43  Extractor, Drone  
  43  3:46  Drone  
  44  3:53  Spore Crawler  
  44  3:54  Drone  
  44  3:56  Overlord  
  44  4:00  Drone x3  
  44  4:01  Drone  
  48  4:06  Drone  
  49  4:12  Drone  
  49  4:15  Overlord  
  50  4:25  Swarm Host x3  
  59  4:33  Queen  
  59  4:35  Queen  
  63  4:53  Swarm Host  
  63  4:57  Overlord x3  
  63  4:58  Spore Crawler  
  63  4:59  Overseer  
  65  5:07  Swarm Host  
  68  5:25  Swarm Host x2  
  68  5:26  Swarm Host x2  
  80  5:33  Spine Crawler  
  76  5:43  Spore Crawler  
  75  5:52  Overlord x2  
  75  5:55  Swarm Host x3  
  84  5:57  Pneumatized Carapace  
  84  5:59  Burrow  
  84  6:05  Drone, Evolution Chamber  
  84  6:11  Swarm Host x3  
  84  6:13  Swarm Host  
  96  6:20  Spore Crawler  
  95  6:54  Zerg Missile Weapons Level 1  
  95  6:55  Metabolic Boost  
  95  6:56  Hive  
  95  7:30  Drone  
  95  7:31  Drone x2  
  95  7:36  Spore Crawler  
  97  7:42  Spore Crawler  
  96  8:14  Infestor, Pathogen Glands  
  96  8:15  Infestor x5  
  108  8:25  Spore Crawler  
  108  8:26  Spore Crawler  
  106  8:42  Spore Crawler  
  105  9:11  Neural Parasite  
  105  9:41  Spore Crawler  
  105  9:42  Spore Crawler  
  103  9:52  Zerg Missile Weapons Level 2, Adrenal Glands  
  101  10:10  Zergling x2, Nydus Network  
  101  10:11  Zergling x14  
  101  10:12  Overlord x2  
  101  10:13  Overlord x7  
  108  10:17  Spore Crawler  
  86  10:30  Swarm Host x6  
  86  10:31  Swarm Host  
  98  10:43  Zergling x2  
  98  10:44  Zergling x4  
  98  10:45  Evolution Chamber, Zergling x2  
  101  10:55  Nydus Canal  
  101  10:58  Queen  
  88  12:06  Zergling x14  
  88  12:07  Zergling x4  
  97  12:23  Overseer  
Show
View Real Time Build Order
Export as new Build Order

Zekeee Zerg 

Build Orders: Pool First, Lurkers 

Get SALT Encoding   

  12  0:02  Drone  
  13  0:12  Overlord  
  13  0:18  Drone  
  14  0:31  Drone x2  
  16  0:35  Drone  
  17  0:46  Spawning Pool  
  16  0:51  Drone  
  17  1:07  Drone  
  18  1:16  Extractor, Hatchery  
  18  1:17  Drone  
  17  1:20  Drone  
  18  1:33  Queen  
  18  1:35  Drone  
  21  1:41  Overlord  
  21  1:56  Drone  
  22  2:02  Drone  
  23  2:12  Drone  
  24  2:21  Lair  
  24  2:23  Drone  
  24  2:27  Queen  
  24  2:29  Drone  
  28  2:34  Drone  
  29  2:42  Drone x2  
  29  2:43  Drone x2  
  33  2:48  Overlord  
  33  2:52  Drone  
  33  2:55  Extractor  
  33  2:58  Drone  
  33  3:01  Drone  
  35  3:07  Extractor  
  34  3:13  Drone x4  
  38  3:22  Hydralisk Den  
  38  3:24  Drone x3  
  40  3:27  Extractor  
  40  3:32  Overlord  
  40  3:34  Drone  
  40  3:36  Drone x3  
  43  3:42  Overlord  
  43  3:47  Drone  
  44  3:55  Muscular Augments  
  44  3:57  Lurker Den  
  44  3:59  Drone x2  
  44  4:01  Drone x2  
  47  4:11  Hydralisk x4  
  47  4:15  Overlord  
  55  4:21  Overlord  
  46  4:42  Drone  
  46  4:43  Drone, Hydralisk x2  
  46  4:44  Hydralisk  
  54  4:49  Hydralisk x2  
  58  5:02  Hydralisk x3  
  64  5:23  Grooved Spines  
  64  5:27  Overlord x2  
  64  5:28  Hydralisk  
  62  5:43  Queen  
  62  5:47  Lurker  
  62  5:48  Lurker, Nydus Network  
  65  5:58  Spore Crawler, Drone  
  65  5:59  Drone x4  
  65  6:02  Hatchery  
  68  6:10  Lurker  
  69  6:29  Nydus Canal  
  69  6:31  Overseer  
  69  6:32  Hydralisk x3  
  69  6:33  Hydralisk x2  
  69  6:34  Hydralisk  
  69  6:39  Hydralisk  
  81  6:42  Drone  
  84  6:59  Nydus Canal  
  84  7:03  Overlord  
  84  7:04  Overlord  
  84  7:09  Overlord x2  
  84  7:18  Nydus Canal  
  84  7:21  Overlord x2  
  84  7:23  Hydralisk x3  
  84  7:28  Spore Crawler  
  87  7:44  Hydralisk x5  
  65  7:51  Drone x4  
  66  7:53  Drone  
  68  8:05  Drone  
  69  8:06  Spore Crawler  
  69  8:07  Drone x3  
  69  8:10  Spore Crawler  
  70  8:19  Overseer  
  70  8:23  Hydralisk x4  
  78  8:27  Queen  
  78  8:32  Drone x3  
  83  8:42  Drone x3  
  83  8:43  Drone x4  
  90  9:01  Evolution Chamber  
  89  9:03  Evolution Chamber  
  89  9:04  Extractor  
  89  9:05  Drone x2, Extractor  
  89  9:07  Drone x4  
  89  9:08  Lurker x2  
  89  9:09  Lurker x2  
  96  9:11  Hydralisk x3  
  95  9:32  Zerg Missile Weapons Level 1  
  95  9:34  Queen  
  98  9:38  Drone x3  
  98  9:39  Drone  
  101  9:48  Drone x4  
  101  9:49  Hydralisk x4  
  101  9:50  Spore Crawler, Hydralisk  
  114  9:58  Hydralisk  
  114  9:59  Hydralisk x2  
  120  10:17  Zerg Ground Armor Level 1  
  120  10:31  Nydus Canal  
  120  10:35  Hydralisk  
  120  10:36  Hydralisk x4  
  123  11:09  Queen  
  119  11:17  Overlord x3  
  119  11:18  Overlord x2  
  119  11:19  Hydralisk x5  
  119  11:23  Nydus Canal  
  129  11:26  Overlord x4  
  129  11:45  Queen  
  127  11:57  Hydralisk  
  127  11:59  Hydralisk x3  
  127  12:00  Hydralisk x8  
  127  12:23  Nydus Canal  
  127  12:24  Hydralisk x9  
  145  12:37  Hatchery  
Show
View Real Time Build Order
Export as new Build Order

domize Zerg 

Build Orders: Hatch First 

Get SALT Encoding   

  12  0:01  Drone  
  13  0:09  Drone  
  14  0:40  Hatchery  
  13  0:45  Drone  
  14  0:57  Spawning Pool  
  13  1:00  Drone  
  14  1:09  Overlord  
  14  1:21  Extractor  
  14  1:23  Drone  
  14  1:24  Extractor  
  13  1:26  Overlord  
  13  1:44  Queen  
  13  1:46  Drone x2  
  17  1:51  Drone  
  18  2:05  Zergling x2  
  19  2:09  Zergling x4  
  21  2:19  Zergling x2  
  21  2:21  Metabolic Boost  
  22  2:27  Zergling x2  
  23  2:43  Zergling x4  
  23  2:44  Zergling x2  
  26  2:50  Overlord  
  26  2:58  Zergling x4  
  28  3:10  Zergling x2  
  28  3:11  Zergling x2  
  30  3:31  Zergling x8  
  30  3:32  Zergling x2  
  35  3:46  Queen  
  27  4:47  Lair  
  17  5:36  Spore Crawler  
  17  5:40  Spine Crawler  
  10  6:03  Drone x3  
  13  6:25  Drone x4  
  17  6:28  Extractor  
  17  6:30  Extractor  
  15  7:00  Drone x4  
  19  7:01  Hatchery  
  19  7:02  Drone  
  19  7:26  Drone x3  
  19  7:27  Drone  
  23  7:50  Hydralisk Den  
  22  8:22  Muscular Augments  
  22  8:23  Drone x3  
  22  8:24  Drone x4  
  29  8:35  Queen  
  29  8:37  Drone  
  32  8:59  Nydus Network  
  31  9:18  Hydralisk x2  
  35  9:33  Grooved Spines  
  35  9:55  Overlord x3  
  35  9:56  Overlord x2  
  35  10:17  Hydralisk x5  
  35  10:20  Hydralisk x5  
  55  10:21  Hydralisk  
  57  10:37  Hydralisk x2  
  57  10:38  Hydralisk x2  
  57  10:42  Hydralisk x2  
  69  10:45  Overlord  
  69  10:51  Nydus Canal  
  69  10:58  Pneumatized Carapace  
  55  11:29  Hydralisk x3  
  61  11:35  Drone  
  61  11:38  Hydralisk x2  
  61  11:39  Hydralisk  
  68  12:01  Nydus Canal  
  68  12:06  Hydralisk x5  
  78  12:13  Overlord  
  78  12:16  Overlord  
Show
View Real Time Build Order
Export as new Build Order

Sensuna Protoss 

Build Orders:  

Get SALT Encoding   

  12  0:00  Probe  
  13  0:08  Probe  
  14  0:24  Pylon, Probe  
  15  0:42  Probe  
  16  0:51  Pylon  
  16  0:54  Probe, Assimilator  
  17  1:13  Forge  
  17  1:18  Probe  
  17  1:24  Pylon  
  18  1:30  Probe  
  19  1:51  Photon Cannon  
  19  1:55  Photon Cannon  
  19  1:56  Probe  
  20  2:03  Assimilator  
  20  2:07  Probe  
  20  2:14  Gateway  
  20  2:15  Probe  
  22  2:27  Probe  
  23  3:05  Nexus  
  23  3:06  Pylon  
  23  3:12  Cybernetics Core  
  23  3:22  Pylon  
  23  3:35  Pylon  
  23  3:56  Stargate  
  23  4:13  Probe  
  23  4:14  Probe  
  24  4:22  Probe  
  24  4:23  Protoss Air Weapons Level 1  
  26  4:31  Probe  
  27  4:42  Shield Battery  
  27  4:44  Probe  
  28  4:56  Probe  
  29  5:08  Probe  
  16  5:20  Probe  
  16  5:32  Probe  
  17  5:40  Probe  
  17  5:48  Probe  
  19  5:58  Probe, Fleet Beacon  
  20  6:10  Probe  
  18  6:20  Probe  
  19  6:28  Probe  
  20  6:36  Probe  
  20  6:43  Stargate  
  20  6:46  Probe  
  21  6:47  Protoss Air Weapons Level 2  
  21  6:48  Probe  
  23  6:54  Probe, Carrier  
  23  7:00  Probe  
  31  7:04  Probe  
  32  7:10  Cybernetics Core  
  32  7:16  Probe  
  32  7:18  Carrier  
  32  7:19  Photon Cannon  
  32  7:22  Graviton Catapult  
  33  7:28  Probe  
  40  7:40  Probe  
  41  7:44  Assimilator  
  41  7:47  Protoss Air Armor Level 1  
  41  7:53  Probe  
  42  8:05  Probe  
  43  8:41  Assimilator  
  43  8:43  Pylon  
  43  8:47  Carrier  
  49  8:54  Probe  
  49  9:01  Carrier  
  56  9:02  Probe  
  57  9:12  Probe  
  58  9:24  Probe  
  59  9:36  Probe  
  60  9:44  Photon Cannon  
  60  9:48  Shield Battery  
  60  9:55  Stargate  
  60  9:57  Protoss Air Weapons Level 3  
  60  10:10  Protoss Air Armor Level 2  
  60  10:18  Probe  
  60  10:26  Probe  
  62  11:08  Probe  
  62  11:12  Nexus  
  62  12:24  Probe  
  75  12:36  Probe  
Tags
 
Add a new tag
Caveats
  • Supply blocks, unpowered buildings, or Contaminate may cause inaccurate times.
  • Supply counts are checked every 10 seconds.